Map: Site Delta LE

Players

FapperDupley

  • Race: Zerg Zerg
  • League: Master
  • Spawn Location: 5:00

ZpectroX - Winner!

  • Race: Terran Terran
  • League: Diamond
  • Spawn Location: 11:00

VOD

Have the link to the VOD?

Description

Time

  • Played on: Feb. 29, 2024, 10:04 a.m.
  • Length: 20:09
Show
View Real Time Build Order
Export as new Build Order

FapperDupley Zerg 

Build Orders: Hatch First, Lurkers 

Get SALT Encoding   

  12  0:01  Drone  
  13  0:13  Overlord  
  13  0:19  Drone  
  14  0:32  Drone x2  
  16  0:51  Hatchery  
  16  0:53  Drone  
  16  0:56  Drone  
  17  1:00  Drone  
  18  1:09  Extractor  
  17  1:15  Spawning Pool  
  16  1:19  Drone  
  16  1:23  Drone  
  18  1:30  Drone  
  19  1:46  Overlord  
  19  1:55  Drone  
  20  2:03  Queen x2  
  20  2:04  Zergling x4  
  26  2:13  Drone  
  27  2:17  Drone, Metabolic Boost  
  28  2:25  Drone x2  
  30  2:34  Drone  
  30  2:48  Hatchery  
  29  2:51  Pneumatized Carapace  
  29  2:54  Queen  
  31  3:02  Overlord  
  31  3:08  Overlord  
  31  3:17  Drone x4  
  35  3:24  Drone  
  35  3:27  Zergling x2  
  37  3:29  Zergling x2  
  37  3:31  Zergling x2  
  39  3:34  Queen  
  41  3:44  Overlord  
  41  3:45  Lair  
  41  3:49  Drone x2  
  41  3:55  Baneling Nest  
  42  4:03  Spore Crawler  
  42  4:05  Spore Crawler  
  42  4:06  Queen  
  42  4:08  Drone  
  42  4:09  Drone x2  
  45  4:19  Zergling x10  
  50  4:30  Extractor  
  49  4:43  Drone x3  
  49  4:44  Drone x2  
  49  4:45  Drone  
  55  4:46  Drone  
  55  4:49  Centrifugal Hooks  
  55  4:50  Baneling, Hatchery  
  55  4:51  Baneling  
  55  5:03  Overlord x2  
  55  5:04  Overlord  
  55  5:20  Overseer  
  55  5:30  Queen x2  
  55  5:31  Queen  
  62  5:50  Zergling x34  
  78  6:02  Overlord  
  75  6:19  Zergling x14  
  75  6:20  Zergling x12  
  75  6:21  Baneling x2  
  75  6:22  Baneling x3  
  75  6:25  Overlord  
  88  6:28  Overlord  
  68  6:46  Drone x11  
  73  6:54  Drone x4  
  76  6:57  Overlord  
  77  7:05  Drone x5  
  77  7:06  Drone  
  83  7:10  Spore Crawler  
  82  7:21  Evolution Chamber, Hydralisk Den  
  79  7:23  Evolution Chamber  
  72  7:44  Zergling x20, Infestation Pit  
  72  7:45  Zergling x14, Overlord x2  
  72  7:46  Overseer  
  72  7:49  Overlord  
  88  7:53  Zerg Missile Weapons Level 1  
  88  7:54  Zerg Melee Weapons Level 1  
  88  7:59  Muscular Augments  
  88  8:03  Overseer  
  88  8:04  Drone x6  
  94  8:07  Baneling x4  
  94  8:08  Baneling  
  94  8:14  Drone x5  
  94  8:15  Drone  
  100  8:27  Drone x10  
  100  8:32  Hive  
  110  8:46  Extractor x2  
  110  8:47  Extractor  
  107  8:49  Extractor x2  
  107  8:50  Drone x3  
  107  8:51  Extractor, Drone x3  
  107  8:52  Drone x4  
  107  8:53  Drone x2  
  107  8:55  Hydralisk x3  
  116  8:56  Zergling x6  
  125  9:06  Spore Crawler, Overlord x3  
  125  9:07  Overlord x2  
  124  9:12  Hydralisk  
  124  9:13  Zergling x4  
  124  9:15  Baneling x3  
  124  9:16  Baneling x4  
  124  9:17  Baneling  
  128  9:31  Extractor  
  128  9:33  Hatchery  
  128  9:35  Extractor  
  125  9:43  Grooved Spines  
  125  9:44  Hydralisk x4  
  125  9:45  Zergling x8, Hydralisk x3  
  143  9:46  Zergling x2  
  143  9:48  Baneling x2  
  143  9:49  Baneling  
  143  9:52  Queen  
  144  9:54  Hatchery  
  144  9:56  Extractor x2  
  144  9:59  Drone x5  
  149  10:00  Drone x4  
  149  10:01  Drone  
  149  10:02  Drone  
  149  10:03  Drone  
  155  10:09  Lurker Den  
  153  10:18  Zerg Missile Weapons Level 2  
  153  10:19  Zerg Melee Weapons Level 2  
  153  10:29  Viper  
  153  10:31  Overlord  
  153  10:32  Overlord x5  
  156  11:00  Viper  
  156  11:01  Viper x2  
  165  11:09  Lurker x2  
  167  11:14  Adaptive Talons  
  161  11:31  Lurker  
  161  11:32  Lurker x2  
  146  11:34  Drone x3  
  149  11:49  Lurker x5  
  154  11:58  Hydralisk  
  154  11:59  Hydralisk x5  
  154  12:00  Hydralisk  
  168  12:11  Seismic Spines  
  167  12:23  Extractor  
  167  12:24  Hatchery  
  167  12:28  Extractor  
  158  12:32  Hatchery  
  158  12:33  Extractor  
  158  12:34  Extractor  
  112  12:45  Hydralisk x17  
  112  12:46  Hydralisk x10  
  165  13:14  Lurker  
  156  13:20  Lurker  
  156  13:21  Lurker x7  
  156  13:26  Lurker  
Show
View Real Time Build Order
Export as new Build Order

ZpectroX Terran - Winner!

Build Orders: 2 Factory, Gas First Reaper Expand, Mech 

Get SALT Encoding   

  12  0:03  SCV  
  13  0:15  SCV  
  13  0:19  Supply Depot  
  14  0:28  SCV  
  15  0:31  Refinery  
  15  0:41  SCV  
  16  0:45  Barracks  
  16  0:53  SCV  
  17  1:05  SCV  
  18  1:17  SCV  
  19  1:32  Orbital Command  
  19  1:33  Reaper  
  20  1:46  Command Center  
  20  1:58  SCV  
  21  2:04  Factory  
  21  2:08  Barracks Reactor  
  21  2:15  SCV  
  22  2:19  Supply Depot  
  22  2:21  Refinery  
  22  2:27  SCV  
  23  2:41  SCV  
  23  2:53  SCV  
  24  2:59  Widow Mine x2  
  24  3:01  Orbital Command  
  24  3:05  SCV  
  28  3:17  SCV  
  29  3:20  Factory  
  29  3:21  Hellion x2  
  33  3:28  SCV  
  33  3:29  SCV  
  35  3:40  SCV  
  36  3:41  SCV  
  36  3:42  Supply Depot  
  37  3:52  Barracks Tech Lab, SCV  
  37  3:53  SCV  
  39  3:56  Hellion x2  
  43  4:04  SCV  
  43  4:05  SCV  
  45  4:15  Command Center  
  45  4:16  SCV  
  46  4:17  SCV  
  47  4:25  Cyclone x2  
  47  4:28  Infernal Pre-Igniter, SCV  
  47  4:29  SCV  
  53  4:40  SCV  
  53  4:43  Cyclone, SCV  
  53  4:45  Supply Depot  
  57  4:50  Supply Depot  
  57  4:52  SCV  
  58  4:55  SCV  
  59  5:00  Hellion  
  59  5:04  SCV  
  64  5:07  Cyclone, SCV  
  64  5:10  Supply Depot  
  64  5:13  Refinery  
  65  5:16  SCV, Refinery  
  65  5:19  Cyclone, SCV  
  69  5:22  Cyclone  
  71  5:28  Armory  
  71  5:29  SCV  
  71  5:31  SCV  
  71  5:32  Orbital Command  
  73  5:39  Hellion  
  73  5:41  SCV  
  76  5:56  Factory  
  76  5:57  Factory  
  76  6:01  Starport  
  76  6:04  SCV  
  77  6:06  Hellion x2  
  77  6:09  Siege Tank  
  84  6:16  SCV  
  84  6:17  Barracks Tech Lab  
  73  6:47  Orbital Command  
  65  6:50  SCV  
  66  6:55  Orbital Command  
  66  6:57  Factory Tech Lab, Factory Reactor  
  66  6:58  Starport Reactor  
  66  7:01  Terran Vehicle Weapons Level 1  
  66  7:02  Supply Depot  
  66  7:03  Command Center, Supply Depot  
  66  7:04  Hellion x2  
  66  7:06  Siege Tank  
  73  7:09  Engineering Bay  
  72  7:25  Hellion x2  
  74  7:30  SCV  
  74  7:33  SCV x2  
  74  7:35  Viking x2  
  81  7:38  Hellion, Siege Tank x2, Command Center  
  81  7:39  Hellion  
  81  7:41  Command Center  
  81  7:42  SCV  
  92  7:44  Missile Turret  
  92  7:45  SCV x2  
  92  7:47  Missile Turret  
  92  7:48  Missile Turret  
  92  7:50  Missile Turret  
  94  7:52  Hellion  
  94  7:57  SCV  
  94  7:58  SCV  
  98  7:59  SCV  
  99  8:09  SCV  
  99  8:10  Siege Tank, SCV  
  99  8:11  SCV  
  105  8:14  Refinery  
  105  8:16  Refinery  
  105  8:21  SCV  
  105  8:22  SCV  
  105  8:23  SCV  
  108  8:28  Siege Tank, Factory x2  
  108  8:31  Liberator  
  108  8:33  SCV  
  115  8:34  SCV  
  115  8:35  SCV  
  115  8:39  Fusion Core  
  117  8:49  SCV  
  117  8:50  Siege Tank, SCV x2  
  123  9:00  Siege Tank, Marine  
  123  9:02  SCV x3  
  130  9:03  Hellion, Command Center  
  132  9:14  SCV x3  
  132  9:15  Hellion, Sensor Tower  
  137  9:17  Supply Depot  
  137  9:18  Sensor Tower, Factory Tech Lab  
  137  9:20  Factory Tech Lab  
  137  9:22  Siege Tank  
  140  9:26  SCV x3  
  143  9:33  Siege Tank  
  143  9:38  Liberator x2, SCV x3  
  147  9:43  Supply Depot  
  147  9:44  Advanced Ballistics  
  147  9:45  Supply Depot  
  155  9:47  Supply Depot  
  155  9:50  SCV  
  155  9:51  SCV  
  157  9:54  SCV  
  158  10:02  Factory  
  158  10:05  Supply Depot  
  158  10:10  Terran Vehicle Weapons Level 2  
  157  10:21  Liberator x2  
  157  10:26  Siege Tank x2, Cyclone, Hellion x4  
  157  10:27  Hellion  
  181  10:31  Marine  
  182  10:46  Planetary Fortress  
  182  10:47  Hellion, Cyclone  
  182  10:48  Hellion x3  
  182  10:49  Refinery  
  190  10:50  Marauder  
  190  10:54  Planetary Fortress  
  190  11:01  Refinery  
  190  11:06  Siege Tank x2, Hellion  
  190  11:09  Hellion  
  200  11:14  Armory  
  200  11:16  Refinery  
  200  11:27  Refinery  
  200  11:46  Factory Tech Lab  
  200  12:25  SCV  
  200  12:26  SCV x2  
  135  12:40  Siege Tank, Cyclone, Hellion x2  
  135  12:41  Hellion x4  
  152  12:52  Hellion  
  154  13:02  Hellion x5  
  154  13:03  Hellion  
  168  13:12  Hellion  
  165  13:22  Siege Tank, Hellion  
  165  13:23  Hellion x2, Cyclone, Siege Tank  
  165  13:24  Siege Tank, Hellion  
  182  13:34  Hellion  
  182  13:43  Hellion  
  182  13:45  Siege Tank, Hellion  
  183  13:54  Siege Tank  
  175  14:02  SCV  
  175  14:03  SCV  
  175  14:06  SCV  
  175  14:07  SCV  
  175  14:10  Hellion, Siege Tank, Thor, Cyclone  
  175  14:11  Siege Tank, Hellion x2  
  175  14:20  SCV  
  175  14:30  Terran Vehicle Weapons Level 3  
  175  14:33  Terran Vehicle And Ship Armor Level 1  
  175  15:38  Factory  
  175  15:40  Starport x2  
  175  15:41  Factory  
  175  16:09  Planetary Fortress  
  175  16:23  Refinery  
  175  16:24  Refinery  
  175  16:28  Terran Vehicle And Ship Armor Level 2  
  175  16:29  Command Center  
  175  16:36  Hurricane Engines  
  175  16:37  Drilling Claws  
  175  16:39  Smart Servos  
  175  16:42  Factory Tech Lab, Factory Reactor  
  175  16:46  Starport Tech Lab, Starport Reactor  
  175  17:04  Supply Depot  
  175  17:44  Refinery  
  175  17:49  Command Center  
  175  18:02  Planetary Fortress  
  175  18:09  Refinery  
  175  18:24  Factory  
  175  18:26  Command Center, Factory  
  175  18:28  Factory  
  175  19:08  Starport  
  175  19:41  Refinery  
  175  20:07  Refinery  
Tags
 
Add a new tag
Caveats
  • Supply blocks, unpowered buildings, or Contaminate may cause inaccurate times.
  • Supply counts are checked every 10 seconds.